 Dungeon Crawl Stone Soup version 0.19.5 (webtiles) character file.

110 Hybris the Skirmisher (level 4, -4/41 HPs)
             Began as a Hill Orc Fighter on Apr 2, 2017.
             Slain by a river rat (5 damage)
             ... in a sewer.
             The game lasted 00:03:35 (2500 turns).

Hybris the Skirmisher (Hill Orc Fighter)            Turns: 2500, Time: 00:03:35

Health: -4/41      AC:  6    Str: 19    XL:     4   Next: 91%
Magic:  4/4        EV:  7    Int:  8    God:
Gold:   77         SH:  9    Dex: 10    Spells: 0 memorised, 3 levels left

rFire  . . .     SeeInvis .     a - +0 long sword
rCold  . . .     Gourm    .     b - +0 scale mail
rNeg   . . .     Faith    .     c - +0 shield
rPois  .         Spirit   .     (no helmet)
rElec  .         Reflect  .     (no cloak)
rCorr  .         Harm     .     (no gloves)
MR     .....                    (no boots)
Stlth  ..........               (no amulet)
                                (no ring)
                                (no ring)

@: no status effects
A: no striking features
a: no special abilities


You were in a sewer.
You were not hungry.

You visited 1 branch of the dungeon, and saw 3 of its levels.
You also visited: Sewer.

You collected 77 gold pieces.

Inventory:

Hand Weapons
 a - a +0 long sword (weapon)
Armour
 b - a +0 scale mail (worn)
 c - a +0 shield (worn)
Wands
 p - a wand of iceblast (1/15)
Scrolls
 e - 4 scrolls of identify {unknown}
 i - a scroll of magic mapping {unknown}
 j - 3 scrolls of immolation {unknown}
 k - a scroll of amnesia {unknown}
 l - a scroll of blinking {unknown}
 m - 2 scrolls of remove curse {unknown}
 n - 2 scrolls of teleportation {unknown}
 o - a scroll of enchant weapon {unknown}
 q - a scroll of fog {unknown}
 s - a scroll of fear {unknown}
Potions
 d - a potion of might
 g - 2 potions of heal wounds
 h - 2 potions of flight {unknown}
 t - a potion of curing {unknown}
Comestibles
 f - 4 bread rations
 r - 3 chunks of flesh


   Skills:
 + Level 4.7 Fighting
 * Level 4.5 Long Blades
 - Level 3.2 Armour
 - Level 3.2 Shields


You had 3 spell levels left.
You didn't know any spells.

Dungeon Overview and Level Annotations

Branches:
Dungeon (3/15)

Altars:
Ashenzari
Nemelex Xobeh
Ru
Zin


Message History

You are too injured to fight recklessly!
You are too injured to fight recklessly!
You are too injured to fight recklessly!
Your unstable footing causes you to fumble your attack.
The river rat bites you.
* * * LOW HITPOINT WARNING * * *
You block the river rat's attack.
Your unstable footing causes you to fumble your attack.
You block the river rat's attack.
You closely miss the river rat.
The river rat is severely wounded.
The river rat bites you!
* * * LOW HITPOINT WARNING * * *
You closely miss the river rat.
The river rat is severely wounded.
You block the river rat's attack.
Your unstable footing causes you to fumble your attack.
The river rat twitches its whiskers.
The river rat bites you.
You die...

##### ##÷.∩# #####
#∩..#####.%######...## ####
#####...##..#####......###..#####
.#####.......##...........(...#..
...##.........................#.(
.............................('.)
.÷......................≈.≈...#.)
≈.≈≈...≈.........≈.≈.≈≈≈≈≈≈≈≈≈#..
≈≈≈≈≈≈≈≈.≈.....r@≈.≈≈≈≈≈≈≈≈≈≈≈###
≈≈≈≈≈≈≈≈≈.≈≈..≈.≈≈≈≈≈≈≈≈≈≈≈≈≈≈#
≈≈≈≈≈≈≈≈≈††≈≈≈≈≈≈≈≈≈≈≈≈≈≈≈≈≈≈≈≈#
≈≈≈≈≈≈≈≈≈≈≈≈≈≈≈≈≈≈≈≈≈≈≈≈≈≈≈≈≈≈#≈#
≈≈≈≈≈≈≈.≈≈≈≈≈..≈..≈≈≈≈≈≈≈≈≈≈≈≈≈#≈
##.≈..≈............≈≈..≈≈≈≈≈≈≈#
...............##.....≈##
....##........####...... ...
##.......#


You could see a river rat.

Vanquished Creatures
  2 adders (D:2)
  2 river rats (Sewer)
  A worm (D:2)
  A dart slug (D:2)
  6 leopard geckos (D:3)
  2 ball pythons (Sewer)
  5 giant cockroaches
  5 goblins
  7 hobgoblins
  3 bats
  4 frilled lizards
  12 kobolds
  15 rats
65 creatures vanquished.

Notes
Turn   | Place    | Note
-------+----------+-------------------------------------------
     0 | D:1      | Hybris the Hill Orc Fighter began the quest for the Orb.
     0 | D:1      | Reached XP level 1. HP: 19/19 MP: 1/1
   105 | D:1      | Reached XP level 2. HP: 27/27 MP: 2/2
   820 | D:2      | Reached XP level 3. HP: 25/33 MP: 3/3
  1149 | D:2      | Found a sacrificial altar of Ru.
  1275 | D:2      | Found a shattered altar of Ashenzari.
  1628 | D:3      | Found a glowing silver altar of Zin.
  1724 | D:3      | Reached XP level 4. HP: 35/40 MP: 4/4
  1745 | D:3      | Found a sparkling altar of Nemelex Xobeh.
  1821 | D:3      | Found a glowing drain.
  1844 | Sewer    | Entered a sewer
  1870 | Sewer    | HP: 2/41 [river rat (7)]
  2498 | Sewer    | HP: 1/41 [river rat (7)]
  2500 | Sewer    | Slain by a river rat

Skill      XL: |  1  2  3 |
---------------+----------+-----
Long Blades    | 3 4 |  4.5
Fighting       | 4 |  4.7
Armour         | |  3.2
Shields        | |  3.2

Action                   |  1- 3 |  4- 6 || total
-------------------------+-------+-------++-------
Melee: Long sword        |   119 |   120 ||   239
  Use: Potion            |       |     1 ||     1
  Eat: Chunk             |     2 |     4 ||     6
Armor: Scale mail        |    44 |    82 ||   126
Dodge: Dodged            |    33 |    58 ||    91
Block: Shield            |    54 |    87 ||   141
       Rpst.: Long sword |    13 |    23 ||    36
